 Dungeon Crawl Stone Soup version 0.29.1-2-gbd0b4ee654 (webtiles) character file.

Game seed: 12917633033473922490

53 McKennaii the Grasshopper (level 3, -2/29 HPs)
             Began as a Demigod Warper on Nov 8, 2022.
             Slain by a gnoll
             ... wielding a +0 whip
              (4 damage)
             ... on level 2 of the Dungeon.
             The game lasted 00:01:17 (1552 turns).

McKennaii the Grasshopper (Demigod Warper)          Turns: 1552, Time: 00:01:18

Health: -2/29      AC:  3    Str: 16    XL:     3   Next: 41%
Magic:  8/8        EV: 12    Int: 15    God:
Gold:   53         SH:  0    Dex: 13    Spells: 6/6 levels left

rFire   . . .      SeeInvis .   a - +0 spear
rCold   . . .      Faith    .   (no shield)
rNeg    . . .      Spirit   .   b - +0 leather armour
rPois   .          Reflect  .   (no helmet)
rElec   .          Harm     .   (no cloak)
rCorr   .          Rampage  .   (no gloves)
Will    .....                   (no boots)
Stlth   +.........              (no amulet)
HPRegen 0.09/turn               m - +4 ring of slaying
MPRegen 0.11/turn               (no ring)

@: no status effects
A: high MP 1, forlorn, divine attributes
a: no special abilities


You were on level 2 of the Dungeon.
You visited 1 branch of the dungeon, and saw 2 of its levels.

You collected 53 gold pieces.

Inventory:

Hand Weapons
 a - a +0 spear (weapon)
Missiles
 d - 7 boomerangs of dispersal (quivered)
 p - 2 boomerangs
Armour
 b - a +0 leather armour (worn)
Jewellery
 m - a +4 ring of slaying (left hand)
Scrolls
 c - a scroll of blinking
 g - a scroll of fog {unknown}
 k - a scroll of magic mapping {unknown}
 l - a scroll of immolation {unknown}
 n - a scroll of enchant weapon {unknown}
 o - a scroll of amnesia {unknown}
Potions
 e - a potion of attraction {unknown}
 f - a potion of haste {unknown}
 h - a potion of lignification {unknown}
 i - a potion of heal wounds {unknown}
 j - a potion of might {unknown}


   Skills:
 + Level 2.1 Fighting
 + Level 2.1 Polearms
 - Level 1.0 Throwing
 + Level 1.4 Armour
 + Level 2.2 Dodging
 + Level 2.2 Spellcasting
 + Level 3.0 Translocations


You had 6 spell levels left.
You didn't know any spells.
Your spell library contained the following spells:

 Spells                   Type           Power      Damage    Failure   Level
 Blink                    Tloc           20%        N/A       12%         2
 Gell's Gravitas          Tloc           10%        N/A       24%         3
 Lesser Beckoning         Tloc           10%        N/A       24%         3
 Teleport Other           Tloc           10%        N/A       24%         3
 Manifold Assault         Tloc           10%        N/A       91%         5
 Corpse Rot               Necr/Pois/Air  1%         N/A       95%         4
 Dispel Undead            Necr           1%         3d6       95%         4
 Death Channel            Necr           0%         N/A       100%        6


Dungeon Overview and Level Annotations

Branches:
Dungeon (2/15)


Innate Abilities, Weirdness & Mutations

You have an increased reservoir of magic. (+10% MP)
You shall have no god before yourself.
Your divine heritage dramatically boosts your attributes as you level up.


Message History

You are too injured to fight recklessly!
You are too injured to fight recklessly!
You are too injured to fight recklessly!
You are too injured to fight recklessly!
You are too injured to fight recklessly!
You are too injured to fight recklessly!
You are too injured to fight recklessly!
You are too injured to fight recklessly!
You are too injured to fight recklessly!
You are too injured to fight recklessly!
You are too injured to fight recklessly!
You are too injured to fight recklessly!
You are too injured to fight recklessly!
You are too injured to fight recklessly!
You are too injured to fight recklessly!
You are too injured to fight recklessly!
You are too injured to fight recklessly!
You hit the gnoll.
You kill the gnoll!
Your Translocations skill increases to level 3!
You hit the gnoll but do no damage. The gnoll hits you with a +0 whip.
You hit the gnoll.
The gnoll is heavily wounded.
The gnoll barely misses you.
You hit the gnoll.
The gnoll is severely wounded.
The gnoll hits you with a +0 whip.
* * * LOW HITPOINT WARNING * * *
You hit the gnoll but do no damage.
The gnoll is severely wounded.
The gnoll hits you with a +0 whip.
* * * LOW HITPOINT WARNING * * *
You closely miss the gnoll.
The gnoll is severely wounded.
The gnoll hits you with a +0 whip.
* * * LOW HITPOINT WARNING * * *
You completely miss the gnoll.
The gnoll is severely wounded.
The gnoll hits you with a +0 whip.
You die...

##################
.................#
....####.#.#.###.#
........###..# #.#
....####.#...# #@#
...## #.#..# #g#
#.##
#.#.....g.!.g.#
..# #
#.####.####.# #.#
#.# #.# .†#### ..#
.....# ### #)##.#
#.##.#


You could see 2 gnolls.

Vanquished Creatures
  2 gnolls (D:2)
  2 dart slugs (D:1)
  2 bats (D:1)
  2 endoplasms (D:1)
  A giant cockroach (D:1)
  2 goblins (D:1)
  2 hobgoblins (D:1)
  6 kobolds
  A quokka (D:1)
  A ball python (D:1)
  5 frilled lizards
  4 rats
30 creatures vanquished.

Notes
Turn   | Place    | Note
-------+----------+-------------------------------------------
     0 | D:1      | McKennaii the Demigod Warper began the quest for the Orb.
     0 | D:1      | Reached XP level 1. HP: 17/17 MP: 5/5
   112 | D:1      | Reached skill level 1 in Throwing
   112 | D:1      | Reached skill level 1 in Armour
   659 | D:1      | Reached XP level 2. HP: 24/24 MP: 7/7
  1498 | D:2      | Reached XP level 3. HP: 29/29 MP: 8/8
  1547 | D:2      | Reached skill level 3 in Translocations
  1552 | D:2      | Slain by a gnoll

Illustrated notes

Levels and vault maps discovered:
D:1:      ebering_trefoil_twist, layout_basic
D:2:      layout_loops_ring, grunt_decor_junction, minmay_misc_feat_tower,
          uniq_sigmund

Skill      XL: |  1  2  3 |
---------------+----------+-----
Throwing       | 1 |  1.0
Armour         | 1 |  1.4
Spellcasting   | 2 |  2.2
Fighting       | 2 |  2.1
Polearms       | 2 |  2.1
Dodging        | 2 |  2.2
Translocations | 3 |  3.0

Action                   || total
-------------------------++-------
Melee: Spear             ||   127
       Punch             ||     2
 Stab: Distracted        ||     1
Armor: Leather armour    ||    22
Dodge: Dodged            ||    47
